 Dungeon Crawl Stone Soup version 0.29-a0-468-ge57f7f99b4 (webtiles) character file.

Game seed: 11336178161576578174

43723 zazu2006 the Blocker (level 14, -34/110 HPs)
             Began as a Gnoll Wanderer on May 21, 2022.
             Was an Elder of Vehumet.
             Annihilated by a frost giant
             ... wielding a +1 battleaxe of freezing
              (41 damage)
             ... in an ice cave.
             The game lasted 01:49:33 (27385 turns).

zazu2006 the Blocker (Gnoll Wanderer)              Turns: 27385, Time: 01:49:33

Health: -34/110    AC: 14    Str: 11    XL:     14   Next: 25%
Magic:  0/27       EV: 17    Int: 15    God:    Vehumet [****..]
Gold:   1287       SH:  6    Dex: 12    Spells: 10/32 levels left

rFire   . . .      SeeInvis .   b - +0 rapier (flame)
rCold   . . .      Faith    .   c - +0 buckler
rNeg    . . .      Spirit   .   s - +2 ring mail {rPois}
rPois   +          Reflect  .   t - +0 helmet
rElec   .          Harm     .   N - +0 cloak
rCorr   .          Rampage  .   (no gloves)
Will    +....                   l - +1 pair of boots
Stlth   +++.......              (no amulet)
HPRegen 0.28/turn               E - ring of wizardry
MPRegen 0.20/turn               A - +4 ring of evasion

@: no status effects
A: fangs 1, strong nose, distributed training, weak 1
a: Renounce Religion


You were in an ice cave.
You worshipped Vehumet.
Vehumet was greatly pleased with you.
You visited 2 branches of the dungeon, and saw 13 of its levels.
You also visited: Ossuary, Ice Cave and Volcano.

You collected 1315 gold pieces.
You spent 28 gold pieces at shops.

Inventory:

Hand Weapons
 b - a +0 rapier of flaming (weapon)
 o - a +2 dagger of holy wrath
 O - a +2 dagger of freezing
 S - a +2 falchion of protection
Missiles
 d - a throwing net
 e - a curare-tipped dart (quivered)
 u - 17 poisoned darts
Armour
 c - a +0 buckler (worn)
 l - a +1 pair of boots (worn)
 m - +0 steam dragon scales
 s - a +2 ring mail of poison resistance (worn)
 t - a +0 helmet (worn)
 N - a +0 cloak (worn)
 R - +0 acid dragon scales
 U - a +3 leather armour of fire resistance
Jewellery
 h - a ring of resist corrosion
 x - a ring of ice
 A - a +4 ring of evasion (right hand)
 E - a ring of wizardry (left hand)
Wands
 K - a wand of iceblast (2)
 M - a wand of charming (5)
 Q - a wand of flame (2)
 T - a wand of paralysis (3)
Scrolls
 g - a scroll of noise {unknown}
 i - a scroll of silence {unknown}
 n - 2 scrolls of torment {unknown}
 p - 2 scrolls of vulnerability {unknown}
 q - 2 scrolls of fear {unknown}
 r - 3 scrolls of magic mapping
 v - a scroll of brand weapon {unknown}
 y - 3 scrolls of immolation {unknown}
 z - 2 scrolls of poison {unknown}
 B - a scroll of teleportation
 C - 3 scrolls of fog
 D - 3 scrolls of amnesia {unknown}
Potions
 a - a potion of cancellation
 f - a potion of brilliance
 j - 2 potions of flight
 k - 4 potions of haste
 w - 5 potions of curing
 F - a potion of heal wounds
 G - 2 potions of mutation
 H - a potion of invisibility
 I - 2 potions of attraction


   Skills:
 + Level 10.2 Fighting
 + Level 9.1 Short Blades
 + Level 9.1 Long Blades
 + Level 9.1 Axes
 + Level 9.1 Maces & Flails
 + Level 9.1 Polearms
 + Level 9.1 Staves
 + Level 9.1 Slings
 + Level 9.1 Bows
 + Level 9.1 Crossbows
 + Level 10.2 Throwing
 + Level 9.5 Armour
 + Level 9.1 Dodging
 + Level 9.1 Stealth
 + Level 11.2 Shields
 + Level 9.1 Unarmed Combat
 + Level 9.5 Spellcasting
 + Level 7.5 Conjurations
 + Level 7.5 Hexes
 + Level 7.5 Summonings
 + Level 7.9 Necromancy
 + Level 7.5 Translocations
 + Level 7.5 Transmutations
 + Level 7.5 Fire Magic
 + Level 7.5 Ice Magic
 + Level 7.5 Air Magic
 + Level 7.5 Earth Magic
 + Level 7.5 Poison Magic
 + Level 9.9 Invocations
 + Level 9.1 Evocations


You had 10 spell levels left.
You knew the following spells:

 Your Spells              Type           Power      Damage    Failure   Level
a - Necrotize             Necr           100%       1d9       1%          1
b - Mephitic Cloud        Conj/Pois/Air  29%        N/A       1%          3
c - Vampiric Draining     Necr           30%        2d8       1%          3
d - Stone Arrow           Conj/Erth      58%        3d10      1%          3
e - Fireball              Conj/Fire      14%        3d8       3%          5
f - Orb of Destruction    Conj           14%        9d7       61%         7

Your spell library contained the following spells:

 Spells                   Type           Power      Damage    Failure   Level
 Ensorcelled Hibernation  Hex/Ice        58%        N/A       1%          2
 Passwall                 Tmut/Erth      24%        N/A       1%          2
 Ozocubu's Armour         Ice            29%        N/A       1%          3
 Swiftness                Air            29%        N/A       1%          3
 Olgreb's Toxic Radiance  Pois           29%        N/A       1%          4
 Animate Armour           Summ/Erth      58%        N/A       4%          4
 Cause Fear               Hex            14%        N/A       4%          4
 Ozocubu's Refrigeration  Ice            14%        4d7       61%         7
 Dragon Form              Tmut           14%        N/A       97%         7
 Ignition                 Fire           14%        3d6       99%         8
 Lehudib's Crystal Spear  Conj/Erth      14%        10d5      99%         8
 Dragon's Call            Summ           14%        N/A       100%        9


Dungeon Overview and Level Annotations

Branches:
Dungeon (11/15)            Temple (0/1) D:6            Lair (0/6) D:11
    Orc (2/2) D:9             Elf (0/3) Orc:2       Ossuary (visited)
  IceCv (1/1)             Volcano (visited)

Altars:
Ashenzari
Fedhas
Hepliaklqana
Kikubaaqudgha
Makhleb
Nemelex Xobeh
Ru
Sif Muna
Vehumet
The Shining One
Beogh

Shops:
Orc:1 :([   Orc:2 :!(*

Portals:
Pandemonium: Orc:2

Annotations:
D:7 Joseph


Innate Abilities, Weirdness & Mutations

You have very sharp teeth.
Your uncanny sense of smell can sniff out nearby items.
Your experience applies equally to all skills.
You are weak. (Str -2)


Message History

* * * LOW HITPOINT WARNING * * *
You feel much better.
The frost giant hits you with a +1 battleaxe of freezing!!
* * * LOW HITPOINT WARNING * * *
The frost giant freezes you!
* * * LOW HITPOINT WARNING * * *
Okay, then.
You feel much better.
The frost giant hits you with a +1 battleaxe of freezing.
The frost giant freezes you.
* * * LOW HITPOINT WARNING * * *
You feel much better.
The frost giant hits you with a +1 battleaxe of freezing!!!
* * * LOW HITPOINT WARNING * * *
The frost giant freezes you!
* * * LOW HITPOINT WARNING * * *
You feel much better. The frost giant casts a spell at you.
The bolt of cold misses you.
The frost giant attacks as you move away!
The frost giant barely misses you. The frost giant casts a spell at you.
The bolt of cold misses you.
Casting: Fireball (dangerous; 3% risk of failure)
Confirm with . or Enter, or press ? or * to list all spells.
Aiming: Mephitic Cloud (safe; 1% risk of failure)
Press: ? - help, Shift-Dir - straight line, f/p - frost giant
Aim: a frost giant, wielding a +1 battleaxe of freezing and wearing a ring of ice (heavily wounded, chance to affect: 24%)
The ball explodes into a vile cloud!
The stinking cloud engulfs the frost giant but does no damage.
The frost giant is heavily wounded.
The frost giant is engulfed in noxious fumes.
The frost giant attacks as you move away!
The frost giant hits you with a +1 battleaxe of freezing!!
* * * LOW HITPOINT WARNING * * *
The frost giant freezes you.
* * * LOW HITPOINT WARNING * * *
The frost giant attacks as you move away!
The frost giant hits you with a +1 battleaxe of freezing!!!
You die...

#...###..#
##.####†##
# ## #..#
# ##.†#
### #○.##
..# #.##
..## #..#
...# #.C##
.### ##@.#
.# #..# .#
##.## .#
#..# ##
#..# # ###
##.# #
#.## #..#
###..#
#..#
##...##
##..#


You could see a frost giant.

Vanquished Creatures
  An orc warlord (Orc:2)
  An ettin (Orc:1)
  An ogre mage (Orc:1)
  7 two-headed ogres
  A demonspawn (Orc:2)
  9 death yaks (IceCv)
  10 orc high priests (Orc:2)
  A sun demon (Orc:2)
  7 orc sorcerers
  4 orc knights (Orc:2)
  2 cyclopes
  A salamander (Volcano)
  An ice statue (IceCv)
  A smoke demon (Orc:2)
  An unseen horror (D:10)
  4 rime drakes (IceCv)
  A komodo dragon (D:11)
  An ice devil (Orc:2)
  A hellwing (Orc:2)
  13 trolls
  3 hornets (Orc:1)
  5 polar bears (IceCv)
  A wyvern (D:10)
  12 yaks
  A ynoxinul (Orc:2)
  A fire bat (Volcano)
  2 steam dragons
  3 wargs
  An acid dragon (D:9)
  A water moccasin (D:8)
  Duvessa (D:7)
  3 hell hounds (Volcano)
  A floating eye (Orc:1)
  Pargi (D:4)
  An ice beast (D:7)
  A black bear (D:6)
  10 ogres
  36 orc warriors
  7 wolves (IceCv)
  5 centaurs
  A phantom (D:6)
  2 kobold brigands
  6 bullfrogs
  A necrophage (D:6)
  A scorpion (D:5)
  4 water moccasin zombies (Ossuary)
  13 killer bees
  A howler monkey (D:8)
  29 orc priests
  2 jellies
  A gnoll shaman (Orc:2)
  2 hounds
  An iguana (D:6)
  15 orc wizards
  2 mummies (Ossuary)
  4 gnolls (Orc:2)
  11 adders
  2 shadow imps
  14 white imps
  3 adder zombies (Ossuary)
  A worm (D:5)
  4 dart slugs
  72 orcs
  5 bats
  12 endoplasms
  3 giant cockroaches
  4 gnoll zombies (Ossuary)
  6 hobgoblins
  6 jackals
  7 quokkas
  11 ball pythons
  3 frilled lizards
  4 goblins
  5 hobgoblin zombies (Ossuary)
  18 kobolds
  5 kobold zombies (Ossuary)
  4 orc zombies (Ossuary)
  3 rats (D:3)
452 creatures vanquished.

Vanquished Creatures (collateral kills)
  A wyvern (D:10)
  A water moccasin (D:9)
  2 ogres
  Dowan (D:7)
  A hound (D:4)
  A jelly (D:5)
  An orc wizard (Orc:2)
  A gnoll (Orc:2)
  5 orcs
  An endoplasm (D:3)
  A goblin (D:1)
  3 ball pythons (D:2)
19 creatures vanquished.

Vanquished Creatures (others)
  A centaur (Volcano)
  A plant (D:5)
2 creatures vanquished.

Grand Total: 473 creatures vanquished

Notes
Turn   | Place    | Note
-------+----------+-------------------------------------------
     0 | D:1      | zazu2006 the Gnoll Wanderer began the quest for the Orb.
     0 | D:1      | zazu2006 set off with the following items: a +2 dagger, a
                  | curare-tipped dart, a +0 buckler, a scroll of blinking, a
                  | +0 robe; and the following spell memorised: Necrotize; and
                  | the following spells available to memorise: Vampiric
                  | Draining
     0 | D:1      | Reached XP level 1. HP: 20/20 MP: 4/4
    32 | D:1      | Found a faded altar of an unknown god.
   323 | D:1      | Reached XP level 2. HP: 26/26 MP: 0/5
  1022 | D:2      | Reached XP level 3. HP: 28/31 MP: 0/7
  1043 | D:2      | Reached skill level 1 in Invocations
  1056 | D:2      | Reached skill level 1 in Short Blades
  1056 | D:2      | Reached skill level 1 in Long Blades
  1056 | D:2      | Reached skill level 1 in Axes
  1056 | D:2      | Reached skill level 1 in Maces & Flails
  1056 | D:2      | Reached skill level 1 in Polearms
  1056 | D:2      | Reached skill level 1 in Staves
  1056 | D:2      | Reached skill level 1 in Slings
  1056 | D:2      | Reached skill level 1 in Bows
  1056 | D:2      | Reached skill level 1 in Crossbows
  1056 | D:2      | Reached skill level 1 in Dodging
  1056 | D:2      | Reached skill level 1 in Stealth
  1056 | D:2      | Reached skill level 1 in Unarmed Combat
  1056 | D:2      | Reached skill level 1 in Evocations
  1230 | D:2      | Reached XP level 4. HP: 38/38 MP: 4/8
  2182 | D:3      | Reached skill level 1 in Conjurations
  2182 | D:3      | Reached skill level 1 in Hexes
  2182 | D:3      | Reached skill level 1 in Summonings
  2182 | D:3      | Reached skill level 1 in Translocations
  2182 | D:3      | Reached skill level 1 in Transmutations
  2182 | D:3      | Reached skill level 1 in Fire Magic
  2182 | D:3      | Reached skill level 1 in Ice Magic
  2182 | D:3      | Reached skill level 1 in Air Magic
  2182 | D:3      | Reached skill level 1 in Earth Magic
  2182 | D:3      | Reached skill level 1 in Poison Magic
  2259 | D:3      | Reached XP level 5. HP: 33/43 MP: 0/9
  2655 | D:3      | Found a radiant altar of Vehumet.
  2658 | D:3      | Found a sparkling altar of Nemelex Xobeh.
  2663 | D:3      | Became a worshipper of Vehumet
  2666 | D:3      | Found a glowing golden altar of the Shining One.
  2666 | D:3      | Found a sacrificial altar of Ru.
  2666 | D:3      | Found a broken altar of Ashenzari.
  2667 | D:3      | Found a burning altar of Makhleb.
  2668 | D:3      | Found a hazy altar of Hepliaklqana.
  2669 | D:3      | Found an ancient bone altar of Kikubaaqudgha.
  2670 | D:3      | Found a blossoming altar of Fedhas.
  2671 | D:3      | Found a shimmering blue altar of Sif Muna.
  3893 | D:4      | Noticed Pargi
  3918 | D:5      | Entered Level 5 of the Dungeon
  4217 | D:5      | Reached XP level 6. HP: 48/50 MP: 0/10
  4483 | D:5      | Reached skill level 5 in Fighting
  4483 | D:5      | Reached skill level 5 in Throwing
  5799 | D:6      | Reached XP level 7. HP: 42/56 MP: 5/12
  5841 | D:6      | Reached * piety under Vehumet
  5841 | D:6      | Offered knowledge of Freeze by Vehumet.
  6023 | D:6      | Reached skill level 7 in Shields
  6172 | D:6      | Learned a level 3 spell: Stone Arrow
  6479 | D:6      | Reached XP level 8. HP: 40/63 MP: 5/14
  7704 | D:6      | HP: 2/63 [orc priest/nerve-wracking pain (9)]
  7963 | D:6      | Found a staircase to the Ecumenical Temple.
  9017 | D:7      | Noticed Joseph
  9328 | D:7      | Noticed Duvessa
  9348 | D:7      | Noticed Dowan
  9544 | D:4      | Killed Pargi
 10089 | D:7      | Reached XP level 9. HP: 64/69 MP: 5/16
 10270 | D:8      | You fall into a shaft and drop 2 floors!
 10270 | D:10     | Entered Level 10 of the Dungeon
 10308 | D:9      | Noticed a two-headed ogre
 10353 | D:8      | Found a sand-covered staircase.
 10359 | Ossuary  | Entered an ossuary
 10594 | Ossuary  | Reached ** piety under Vehumet
 10600 | Ossuary  | Offered knowledge of Foxfire by Vehumet.
 10605 | Ossuary  | Learned a level 3 spell: Vampiric Draining
 10873 | D:8      | Reached skill level 5 in Spellcasting
 10904 | D:8      | Noticed a two-headed ogre
 10929 | D:8      | Noticed a two-headed ogre
 11119 | D:7      | Killed Duvessa
 11122 | D:7      | Killed Dowan
 11123 | D:7      | Reached skill level 5 in Armour
 11440 | D:8      | Killed a two-headed ogre
 11441 | D:8      | Reached skill level 8 in Shields
 11441 | D:8      | Reached skill level 5 in Invocations
 11561 | D:8      | Offered knowledge of Static Discharge by Vehumet.
 11632 | D:9      | Reached XP level 10. HP: 38/77 MP: 5/18
 12092 | D:10     | Reached skill level 5 in Short Blades
 12092 | D:10     | Reached skill level 5 in Long Blades
 12092 | D:10     | Reached skill level 5 in Axes
 12092 | D:10     | Reached skill level 5 in Maces & Flails
 12092 | D:10     | Reached skill level 5 in Polearms
 12092 | D:10     | Reached skill level 5 in Staves
 12092 | D:10     | Reached skill level 5 in Slings
 12092 | D:10     | Reached skill level 5 in Bows
 12092 | D:10     | Reached skill level 5 in Crossbows
 12092 | D:10     | Reached skill level 5 in Dodging
 12092 | D:10     | Reached skill level 5 in Stealth
 12092 | D:10     | Reached skill level 5 in Unarmed Combat
 12092 | D:10     | Reached skill level 5 in Evocations
 12111 | D:10     | Killed an unseen horror
 12307 | D:10     | Reached *** piety under Vehumet
 13066 | D:9      | Reached skill level 5 in Necromancy
 13260 | D:9      | Noticed a two-headed ogre
 13687 | D:8      | Killed a two-headed ogre
 14129 | D:9      | Offered knowledge of Fulminant Prism by Vehumet.
 14136 | D:9      | Killed a two-headed ogre
 14137 | D:9      | Reached XP level 11. HP: 37/84 MP: 1/20
 14258 | D:9      | Reached skill level 9 in Shields
 14514 | D:9      | Killed a two-headed ogre
 14515 | D:9      | Reached skill level 5 in Conjurations
 14515 | D:9      | Reached skill level 5 in Hexes
 14515 | D:9      | Reached skill level 5 in Summonings
 14515 | D:9      | Reached skill level 5 in Translocations
 14515 | D:9      | Reached skill level 5 in Transmutations
 14515 | D:9      | Reached skill level 5 in Fire Magic
 14515 | D:9      | Reached skill level 5 in Ice Magic
 14515 | D:9      | Reached skill level 5 in Air Magic
 14515 | D:9      | Reached skill level 5 in Earth Magic
 14515 | D:9      | Reached skill level 5 in Poison Magic
 15592 | D:9      | Reached **** piety under Vehumet
 15597 | D:9      | Offered knowledge of Mephitic Cloud by Vehumet.
 15602 | D:9      | Learned a level 3 spell: Mephitic Cloud
 15633 | D:9      | Found a staircase to the Orcish Mines.
 15826 | Orc:1    | Entered Level 1 of the Orcish Mines
 16158 | Orc:1    | Found Ireucru's Book Emporium.
 16184 | Orc:1    | Found Cufiol Nant's Weapon Boutique.
 16504 | Orc:1    | Noticed an orc sorcerer
 16510 | Orc:1    | Noticed a sixfirhy
 16510 | Orc:1    | Noticed an orc sorcerer
 16512 | Orc:1    | Killed an orc sorcerer
 16552 | Orc:1    | Killed an orc sorcerer
 16653 | Orc:1    | Noticed a cyclops
 16664 | Orc:1    | Killed a cyclops
 16818 | Orc:1    | Noticed an orc sorcerer
 16826 | Orc:1    | Killed an orc sorcerer
 17077 | Orc:1    | Noticed an ettin
 17127 | Orc:1    | Noticed an orc sorcerer
 17137 | Orc:1    | Noticed a sixfirhy
 17143 | Orc:1    | Killed an orc sorcerer
 17329 | Orc:1    | Reached XP level 12. HP: 93/93 MP: 12/23
 17569 | Orc:1    | Killed an ettin
 17759 | Orc:1    | Reached ***** piety under Vehumet
 17859 | Orc:1    | Noticed an ogre mage
 17898 | Orc:1    | Killed an ogre mage
 18045 | Orc:1    | Found Vaxetame's Antique Armour Shop.
 18159 | Orc:2    | Entered Level 2 of the Orcish Mines
 18225 | Orc:2    | Noticed an orc warlord
 18235 | Orc:2    | Offered knowledge of Fireball by Vehumet.
 18284 | Orc:2    | Found a dark tunnel.
 18286 | Orc:2    | Killed an orc warlord
 18313 | Volcano  | Entered a volcano
 18560 | Volcano  | Noticed a two-headed ogre
 18573 | Volcano  | Noticed a two-headed ogre
 18587 | Volcano  | Killed a two-headed ogre
 18605 | Volcano  | Killed a two-headed ogre
 18606 | Volcano  | Reached skill level 10 in Shields
 19264 | Orc:2    | Learned a level 5 spell: Fireball
 19887 | Orc:2    | Noticed an orc high priest
 20435 | Orc:2    | Found a staircase to the Elven Halls.
 20634 | Orc:2    | Killed an orc high priest
 20635 | Orc:2    | Reached XP level 13. HP: 52/101 MP: 4/25
 21240 | Orc:2    | Found Licay's General Store.
 21242 | Orc:2    | Found Wom Beplank's Distillery.
 21285 | Orc:2    | Offered knowledge of Orb of Destruction by Vehumet.
 21821 | Orc:2    | Bought a scroll of identify for 28 gold pieces
 22752 | Orc:2    | HP: 4/101 [orc knight/+0 dire flail (26)]
 23578 | Orc:2    | Gained mutation: You are weak. (Str -2) [a neqoxec]
 24223 | Orc:2    | Found Kean's Antique Weapon Shoppe.
 24223 | Orc:2    | Found Lomp's Book Emporium.
 24224 | Orc:2    | Found a one-way gate leading to the halls of Pandemonium.
 24373 | D:11     | Found a frozen archway.
 24574 | IceCv    | Entered an ice cave
 25682 | IceCv    | Learned a level 7 spell: Orb of Destruction
 26105 | IceCv    | Reached skill level 10 in Fighting
 26105 | IceCv    | Reached skill level 10 in Throwing
 26105 | IceCv    | Reached skill level 11 in Shields
 26235 | IceCv    | Reached XP level 14. HP: 87/110 MP: 8/27
 27032 | IceCv    | Noticed a frost giant
 27376 | IceCv    | HP: 2/110 [frost giant/+1 battleaxe of freezing (12)]
 27385 | IceCv    | Annihilated by a frost giant

Illustrated notes

Levels and vault maps discovered:
D:1:      dpeg_arrival_leaves_temple_mockup, layout_rooms,
          nicolae_ecumenical_lake_church
D:2:      layout_loops_cross, minmay_joined_circles
D:3:      layout_rooms, minitemple
D:4:      layout_layer_cave, uniq_pargi
D:5:      layout_rooms, saegor_snake_ambush
D:6:      layout_basic, minmay_temple_entry_glassed_door,
          hangedman_decor_diamond_cutter, kennysheep_crisscross,
          minmay_door_square, hex_intersection, nicolae_sextant
D:7:      layout_loops_corners, uniq_joseph, uniq_duvessa
D:8:      layout_rooms, nicolae_ossuary_entry_plus
D:9:      layout_cave_pools, david_orc_5, minmay_misc_feat_doors
D:10:     layout_basic, kennysheep_generic_room_8
D:11:     layout_loops_corners, dpeg_lair_monsters, portal_ice_cave_entry_imps
Orc:1:    hellmonk_paralyzer, layout_caves, serial_shops, shop_fountains,
          nicolae_shop_hallway_plus, nicolae_diamond_shop
Orc:2:    pf_orc_diabolical, layout_diamond_mine, enter_volcano_4
IceCv:    ice_cave_small_giant

Skill      XL: |  1  2  3  4  5  6  7  8  9 10 11 12 13 14 |
---------------+-------------------------------------------+-----
Necromancy     | 2 3 4 5 6 7 |  7.9
Invocations    | 1 2 3 4 5 6 7 8 9 |  9.9
Short Blades   | 1 2 3 4 5 6 7 8 9 |  9.1
Long Blades    | 1 2 3 4 5 6 7 8 9 |  9.1
Axes           | 1 2 3 4 5 6 7 8 9 |  9.1
Maces & Flails | 1 2 3 4 5 6 7 8 9 |  9.1
Polearms       | 1 2 3 4 5 6 7 8 9 |  9.1
Staves         | 1 2 3 4 5 6 7 8 9 |  9.1
Slings         | 1 2 3 4 5 6 7 8 9 |  9.1
Bows           | 1 2 3 4 5 6 7 8 9 |  9.1
Crossbows      | 1 2 3 4 5 6 7 8 9 |  9.1
Dodging        | 1 2 3 4 5 6 7 8 9 |  9.1
Stealth        | 1 2 3 4 5 6 7 8 9 |  9.1
Unarmed Combat | 1 2 3 4 5 6 7 8 9 |  9.1
Evocations     | 1 2 3 4 5 6 7 8 9 |  9.1
Spellcasting   | 3 4 5 6 7 8 9 |  9.5
Conjurations   | 1 2 3 4 5 6 7 |  7.5
Hexes          | 1 2 3 4 5 6 7 |  7.5
Summonings     | 1 2 3 4 5 6 7 |  7.5
Translocations | 1 2 3 4 5 6 7 |  7.5
Transmutations | 1 2 3 4 5 6 7 |  7.5
Fire Magic     | 1 2 3 4 5 6 7 |  7.5
Ice Magic      | 1 2 3 4 5 6 7 |  7.5
Air Magic      | 1 2 3 4 5 6 7 |  7.5
Earth Magic    | 1 2 3 4 5 6 7 |  7.5
Poison Magic   | 1 2 3 4 5 6 7 |  7.5
Armour         | 3 4 5 6 7 8 9 |  9.5
Fighting       | 5 6 7 8 9 10 | 10.2
Throwing       | 5 6 7 8 9 10 | 10.2
Shields        | 7 8 9 10 11 | 11.2

Action                   |  1- 3 |  4- 6 |  7- 9 | 10-12 | 13-15 || total
-------------------------+-------+-------+-------+-------+-------++-------
Melee: Dagger            |    50 |    68 |   434 |   293 |   178 ||  1023
       Bite              |     7 |     6 |    57 |    43 |    57 ||   170
       Rapier            |       |       |       |       |    86 ||    86
       Falchion          |       |       |       |       |    11 ||    11
Throw: Dart              |       |       |     2 |       |       ||     2
 Cast: Necrotize         |    39 |   192 |   210 |   163 |    25 ||   629
       Stone Arrow       |       |       |    18 |   247 |   174 ||   439
       Vampiric Draining |       |       |     3 |    33 |       ||    36
       Mephitic Cloud    |       |       |       |    56 |    98 ||   154
       Fireball          |       |       |       |       |     4 ||     4
Evoke: Wand              |       |       |       |     5 |     3 ||     8
  Use: Scroll            |       |     3 |     4 |     1 |     7 ||    15
       Potion            |       |     1 |     8 |     5 |    10 ||    24
 Stab: Sleeping          |       |       |     8 |     1 |       ||     9
       Confused          |       |       |       |    14 |    36 ||    50
Armor: Robe              |     2 |       |       |       |       ||     2
       Leather armour    |    13 |    84 |   103 |    16 |    36 ||   252
       Skin              |       |       |     6 |       |       ||     6
       Steam dragon scal |       |       |    19 |    76 |       ||    95
       Ring mail         |       |       |       |       |     4 ||     4
Dodge: Dodged            |    19 |   107 |   367 |   325 |   141 ||   959
Block: Buckler           |    13 |    65 |   136 |   110 |    51 ||   375

Table legend: (Time is in decaauts)
 A = Elapsed time spent in this place.
 B = Non-inter-level travel time spent in this place.
 C = Inter-level travel time spent in this place.
 D = Time resting spent in this place.
 E = Time spent auto-exploring this place.
 F = Levels seen in this place.
 G = Mean time per level.
                   A        B        C        D        E       F      G
               +--------+--------+--------+--------+--------+-----+--------+
         Total |  27150 |  26646 |    504 |   5214 |  15046 |  16 | 1696.9 |
       Dungeon |  15868 |  15427 |    441 |   1373 |  10977 |  11 | 1442.5 |
  Orcish Mines |   7539 |   7476 |     63 |   2029 |   3574 |   2 | 3769.5 |
       Ossuary |    473 |    473 |      0 |    202 |      0 |   1 |  473.0 |
      Ice Cave |   2749 |   2749 |      0 |   1501 |    341 |   1 | 2749.0 |
       Volcano |    520 |    520 |      0 |    109 |    154 |   1 |  520.0 |
               +--------+--------+--------+--------+--------+-----+--------+

Top non-repeatable levels by time:
   Orc:2: 5105 daAuts
   IceCv: 2749 daAuts
     D:6: 2662 daAuts
   Orc:1: 2433 daAuts
     D:9: 2127 daAuts
     D:7: 1986 daAuts
     D:4: 1544 daAuts
     D:8: 1437 daAuts
     D:5: 1414 daAuts
    D:10: 1400 daAuts
     D:2: 1287 daAuts
     D:1: 878 daAuts
     D:3: 874 daAuts
 Volcano: 520 daAuts
 Ossuary: 473 daAuts
